Unix NetHack Version 5.0.0-0 post-release - last build May  4 2026 22:22:43 (774f63e81ad911689b3a0859ea89b322d5daca8d,branch:main).

Game began 2026-05-09 08:49:55, ended 2026-05-09 09:55:25.

BSL2425737, lawful female human Valkyrie

                                                    ----------
                                                   #.........|
                         ------   ###############  #|........+
                         |@...-####             ####|........|
                         |....|##               #   |........|
               #####    #.....|                     |........|
                   ######------                     ----------
                       ##     #

BSL2425737 the Skirmisher   St:18/04 Dx:12 Co:16 In:10 Wi:11 Ch:9  Lawful
Dlvl:10 $:76 HP:0(43) Pw:11(11) AC:9  Xp:5 T:3748  Blind

Latest messages:
 It hits!
 It hits again!
 It bites!
 It hits!
 It hits again!
 It bites!
 It hits!
 It hits again!
 It bites!
 It hits!
 It hits again!
 It bites!
 Are you sure you want to pray? [yn] (n) y
 You begin praying to Tyr.
 You feel something move nearby.
 You feel something move nearby.
 You feel something move nearby.
 You finish your prayer.
 You feel that Tyr is well-pleased.
 You feel much better.
 It hits!
 It hits again!
 It bites!
 What do you want to write with? [- aksv or ?*] -
 You write in the dust with your fingertip.
 What do you want to write in the dust here? Elbereth
 It hits!
 It hits again!
 It bites!
 You are now wearing an Uruk-hai shield.
 It hits!
 It hits again!
 It bites!
 You hit it.
 It hits!
 It hits again!
 It bites!
 You sense the presence of monsters.
 (For instructions type a '?')
 Move cursor to monster of interest:
 Done.
 It hits!
 It hits again!
 It bites!
 You die...
 Do you want your possessions identified? [ynq] (y) n
 Do you want to see your attributes? [ynq] (y) n
 Do you want an account of creatures vanquished? [ynaq] (y) n
 Do you want to see your conduct and achievements? [ynq] (y) n
 Do you want to see the dungeon overview? [ynq] (y) n

Inventory:
 Coins    ('$')
  $ - 76 gold pieces
 Weapons  (')')
  s - 23 +0 darts
  a - a +1 spear (weapon in right hand)
  v - a +0 orcish short sword
 Armor    ('[')
  w - an uncursed +0 orcish helm
  x - an uncursed +0 Uruk-hai shield (being worn)
 Scrolls  ('?')
  e - a cursed scroll of identify
  t - an uncursed scroll of light
 Potions  ('!')
  o - an uncursed potion of gain ability
  r - an uncursed potion of healing
  u - a blessed potion of paralysis
 Rings    ('=')
  k - an uncursed ring of polymorph control

BSL2425737 the Valkyrie's attributes:

Background:
 You were a Skirmisher, a level 5 human Valkyrie.
 You were lawful, on a mission for Tyr
 who was opposed by Odin (neutral) and Loki (chaotic).
 You were right-handed.
 You were in the Dungeons of Doom, on level 10.
 You entered the dungeon 3748 turns ago.
 You had 284 experience points, 36 more were needed to attain level 6.

Basics:
 You had 0 out of 43 hit points.
 You had all 11 energy points (spell power).
 Your armor class was 9.
 Your wallet contained 76 zorkmids.
 Autopickup was off.

Final Characteristics:
 Your strength was 18/04 (limit:18/100).
 Your dexterity was 12 (limit:18).
 Your constitution was 16 (limit:18).
 Your intelligence was 10 (limit:18).
 Your wisdom was 11 (limit:18).
 Your charisma was 9 (limit:18).

Final Status:
 You were temporarily blind.
 You weren't hungry.
 You were unencumbered.
 You were wielding a spear.
 You had basic skill with spear and could have enhanced that.

Final Attributes:
 You were piously aligned.
 You were cold resistant.
 You were stealthy.
 You are dead.

Miscellaneous:
 You encountered 1 bones level.
 Total elapsed playing time was 1 hour, 5 minutes and 29 seconds.

Major events:
 Turn
    1: BSL2425737 the lawful human Valkyrie entered the dungeon
 1744: attained the rank of Skirmisher (level 3)
 3748: killed by an ape

You didn't know any spells.

Skills:
 Fighting Skills
   bare handed combat [Unskilled]
   two weapon combat  [Unskilled]
   riding             [Unskilled]
 Weapon Skills
   dagger             [Basic]
   axe                [Unskilled]
   pick-axe           [Unskilled]
   short sword        [Unskilled]
   broadsword         [Unskilled]
   long sword         [Unskilled]
   two-handed sword   [Unskilled]
   saber              [Unskilled]
   hammer             [Unskilled]
   quarterstaff       [Unskilled]
   polearms           [Unskilled]
   spear              [Basic]
   trident            [Unskilled]
   lance              [Unskilled]
   sling              [Unskilled]
 Spellcasting Skills
   attack spells      [Unskilled]
   escape spells      [Unskilled]

Voluntary challenges:
 Character rerolling was not enabled.
 You never genocided any monsters.
 You never polymorphed an object.
 You never changed form.
 You used no wishes.
Achievements:
 You entered a shop.
 You attained the rank of Skirmisher.

 The Dungeons of Doom: levels 1 to 10
    Level 1:
       A grave.
    Level 2:
       A scroll shop, some fountains.
    Level 3:
       A general store, a fountain.
    Level 4:
    Level 5:
       A fountain, some graves.
       Final resting place for
          Toon-Wiz-Elf-Fem-Cha, killed by a small mimic.
    Level 6:
       A fountain, a sink.
    Level 7:
    Level 8:
    Level 10: <- You were here.
       Final resting place for
          you, killed by an ape.


Vanquished creatures:
  a lizard
  2 human zombies
 an Uruk-hai
  a rock piercer
  a pony
  a yellow light
  a shrieker
  a gray ooze
  a giant ant
  2 floating eyes
  a kitten
  a homunculus
  a rabid rat
  3 iguanas
  a coyote
  2 large kobolds
  2 hobgoblins
  a cave spider
  a yellow mold
  4 garter snakes
  2 gnome zombies
  5 geckos
  8 jackals
  2 foxes
  2 goblins
  a sewer rat
  a grid bug
  6 newts
56 creatures vanquished.

No species were genocided or became extinct.

Game over:
                       ----------
                      /          \
                     /    REST    \
                    /      IN      \
                   /     PEACE      \
                  /                  \
                  |    BSL2425737    |
                  |      76 Au       |
                  | killed by an ape |
                  |                  |
                  |                  |
                  |                  |
                  |       2026       |
                 *|     *  *  *      | *
        _________)/\\_//(\/(/\)/\//\/|_)_______

Farvel BSL2425737 the Valkyrie...

You died in The Dungeons of Doom on dungeon level 10 with 1665 points,
and 76 pieces of gold, after 3748 moves.
You were level 5 with a maximum of 43 hit points when you died.

